 Dungeon Crawl Stone Soup version 0.24.0-123-gd5b16e6ec5 (webtiles) character file.

Game seed: 8703563543594778275, levelgen mode: deterministic

975 FishyPogo the Charmwright (level 8, -1/63 HPs)
             Began as a Gnoll Skald on Dec 23, 2019.
             Was a Believer of Okawaru.
             Killed from afar by an electric eel (12 damage)
             ... with a bolt of electricity
             ... on level 6 of the Dungeon.
             The game lasted 00:12:21 (3802 turns).

FishyPogo the Charmwright (Gnoll Skald)             Turns: 3802, Time: 00:12:22

Health: -1/63      AC: 12    Str: 15    XL:     8   Next: 16%
Magic:  7/16       EV: 14    Int: 16    God:    Okawaru [**....]
Gold:   347        SH:  0    Dex: 15    Spells: 7/18 levels left

rFire    . . .     SeeInvis .   b - +4 war axe (vamp)
rCold    . . .     Gourm    .   (no shield)
rNeg     + + .     Faith    .   n - +2 ring mail {rN+}
rPois    .         Spirit   .   u - +0 hat
rElec    .         Reflect  .   A - +0 cloak
rCorr    .         Harm     .   v - +2 pair of gloves
MR       .....                  (no boots)
Stlth    +.........             (no amulet)
HPRegen  0.20/turn              s - ring of attention
MPRegen  0.15/turn              y - ring of positive energy

@: hasted, very quick
A: distributed training, fangs 1, strong nose
a: Heroism, Renounce Religion


You were on level 6 of the Dungeon.
You worshipped Okawaru.
Okawaru was pleased with you.
You were not hungry.

You visited 1 branch of the dungeon, and saw 6 of its levels.

You collected 347 gold pieces.

Inventory:

Hand Weapons
 a - a +2 dagger of venom
 b - a +4 vampiric war axe (weapon)
Missiles
 c - 209 stones (quivered)
 k - 13 poisoned darts
 q - 6 boomerangs
 r - 17 sling bullets
Armour
 j - a +2 robe of cold resistance
 m - a +0 leather armour
 n - a +2 ring mail of positive energy (worn)
 u - a +0 hat (worn)
 v - a +2 pair of gloves (worn)
 A - a +0 cloak (worn)
Jewellery
 s - a ring of attention (left hand)
 y - a ring of positive energy (right hand)
Wands
 z - a wand of disintegration (12)
Scrolls
 e - 2 scrolls of teleportation
 f - a scroll of blinking
 g - a scroll of immolation
 t - 2 scrolls of identify
Potions
 h - a potion of haste
 i - a potion of lignification {unknown}
 l - a potion of mutation {unknown}
 o - 2 potions of might
 p - a potion of flight {unknown}
 w - a potion of resistance {unknown}
 x - a potion of brilliance {unknown}
Comestibles
 d - 11 rations
 B - 6 chunks of flesh


   Skills:
 + Level 5.5 Fighting
 + Level 5.5 Short Blades
 + Level 3.0 Long Blades
 + Level 3.0 Axes
 + Level 3.0 Maces & Flails
 + Level 3.0 Polearms
 + Level 3.0 Staves
 + Level 3.0 Slings
 + Level 3.0 Bows
 + Level 3.0 Crossbows
 + Level 3.0 Throwing
 + Level 4.0 Armour
 + Level 5.5 Dodging
 + Level 3.0 Stealth
 + Level 3.0 Shields
 + Level 3.0 Unarmed Combat
 + Level 5.8 Spellcasting
 + Level 2.4 Conjurations
 + Level 2.4 Hexes
 + Level 6.0 Charms
 + Level 2.4 Summonings
 + Level 2.4 Necromancy
 + Level 2.4 Translocations
 + Level 2.4 Transmutations
 + Level 2.4 Fire Magic
 + Level 2.4 Ice Magic
 + Level 2.4 Air Magic
 + Level 2.4 Earth Magic
 + Level 2.4 Poison Magic
 + Level 3.2 Invocations
 + Level 3.0 Evocations


You had 7 spell levels left.
You knew the following spells:

 Your Spells              Type           Power        Failure   Level  Hunger
h - Regeneration          Chrm/Necr      ###.......   14%         3    ##.....
n - Spectral Weapon       Hex/Chrm       ###.....     14%         3    ##.....
p - Shroud of Golubria    Chrm/Tloc      ###...       7%          2    #......
u - Song of Slaying       Chrm           ###.....     3%          2    #......
y - Infusion              Chrm           ###.         2%          1    None

Your spell library contained the following spells:

 Spells                   Type           Power        Failure   Level  Hunger


Dungeon Overview and Level Annotations

Branches:
Dungeon (6/15)             Temple (0/1) D:6

Altars:
Ashenzari
Fedhas
Kikubaaqudgha
Okawaru
Uskayaw
Yredelemnul

Shops:
D:5 =

Annotations:
D:4 3 runed translucent doors, lis82's ghost, novice DgFE


Innate Abilities, Weirdness & Mutations

Your experience applies equally to all skills.
You have very sharp teeth.
Your uncanny sense of smell can sniff out nearby items.


Message History

The electric eel shoots out a bolt of lightning at you!
The bolt of electricity hits you!
The electric eel shoots out a bolt of lightning at you!
The bolt of electricity hits you. x2
The bolt of electricity hits the electric eel.
The electric eel completely resists.
Unknown command.
You closely miss the electric eel. You hit the plant but do no damage.
You hit the plant. You hit the plant but do no damage.
The electric eel shoots out a bolt of lightning at you!
The bolt of electricity hits you!
* * * LOW HITPOINT WARNING * * *
The bolt of electricity hits you!
* * * LOW HITPOINT WARNING * * *
The bolt of electricity hits the electric eel.
The electric eel completely resists.
It was a potion of haste.
You feel yourself speed up.
The electric eel shoots out a bolt of lightning at you!
The bolt of electricity hits you!
You die...

***** #...# #.#.#
#####*#.#.#
*#PPP.##.#.#
*PP≈≈≈≈....#
**≈≈♣≈P≈≈≈P.#
###≈P♣♣*♣≈≈P..#
##.P.≈≈♣ ♣≈≈@.#*
#..PPP≈* ♣♣;P.#
#....≈♣♣♣♣≈P..#
#...PP≈♣≈♣≈P.##
#####....≈≈≈≈P≈P.#
,.........PPP≈...#
###.#...))...)..##
........))>######
###.(#..)###


You could see an electric eel.

Vanquished Creatures
  A water moccasin (D:5)
  An orc warrior (D:6)
  3 centaurs (D:5)
  A bullfrog (D:4)
  2 centaur zombies (D:5)
  2 bullfrog zombies (D:5)
  An orc priest (D:4)
  A hound (D:4)
  2 iguanas (D:4)
  An orc wizard (D:6)
  4 worker ants
  A hound zombie (D:5)
  A worker ant zombie (D:5)
  4 adders
  3 adder skeletons
  A worm (D:5)
  A dart slug (D:1)
  3 leopard geckos
  11 orcs
  7 bats
  7 giant cockroaches
  6 hobgoblins
  2 jackals (D:4)
  4 kobolds
  2 quokkas (D:4)
  A ball python (D:4)
  7 frilled lizards
  A giant cockroach zombie (D:5)
  5 goblins
  2 leopard gecko skeletons
  2 quokka zombies (D:5)
  5 rats
95 creatures vanquished.

Vanquished Creatures (others)
  2 spectral weapons (D:6)
2 creatures vanquished.

Grand Total: 97 creatures vanquished

Notes
Turn   | Place    | Note
-------+----------+-------------------------------------------
     0 | D:1      | FishyPogo the Gnoll Skald began the quest for the Orb.
     0 | D:1      | Reached XP level 1. HP: 20/20 MP: 6/6
   113 | D:1      | Reached XP level 2. HP: 19/26 MP: 7/7
   124 | D:1      | Learned a level 2 spell: Song of Slaying
   127 | D:1      | Learned a level 2 spell: Shroud of Golubria
   442 | D:1      | Reached XP level 3. HP: 30/31 MP: 9/9
   447 | D:1      | Learned a level 3 spell: Regeneration
   451 | D:1      | Learned a level 3 spell: Spectral Weapon
   573 | D:1      | Reached skill level 5 in Spellcasting
  1027 | D:3      | Reached skill level 1 in Invocations
  1369 | D:3      | Reached skill level 1 in Long Blades
  1369 | D:3      | Reached skill level 1 in Axes
  1369 | D:3      | Reached skill level 1 in Maces & Flails
  1369 | D:3      | Reached skill level 1 in Polearms
  1369 | D:3      | Reached skill level 1 in Staves
  1369 | D:3      | Reached skill level 1 in Slings
  1369 | D:3      | Reached skill level 1 in Bows
  1369 | D:3      | Reached skill level 1 in Crossbows
  1369 | D:3      | Reached skill level 1 in Throwing
  1369 | D:3      | Reached skill level 1 in Stealth
  1369 | D:3      | Reached skill level 1 in Shields
  1369 | D:3      | Reached skill level 1 in Unarmed Combat
  1369 | D:3      | Reached skill level 1 in Evocations
  1423 | D:3      | Reached XP level 4. HP: 32/38 MP: 11/11
  1583 | D:3      | Found an ancient bone altar of Kikubaaqudgha.
  1585 | D:3      | Found a blossoming altar of Fedhas.
  1952 | D:4      | Noticed lis82's ghost (novice DgFE)
  1977 | D:4      | Found a runed translucent gate.
  1977 | D:4      | Found a runed translucent gate.
  1977 | D:4      | Found a runed translucent gate.
  2040 | D:4      | Reached skill level 1 in Conjurations
  2040 | D:4      | Reached skill level 1 in Hexes
  2040 | D:4      | Reached skill level 1 in Summonings
  2040 | D:4      | Reached skill level 1 in Necromancy
  2040 | D:4      | Reached skill level 1 in Translocations
  2040 | D:4      | Reached skill level 1 in Transmutations
  2040 | D:4      | Reached skill level 1 in Fire Magic
  2040 | D:4      | Reached skill level 1 in Ice Magic
  2040 | D:4      | Reached skill level 1 in Air Magic
  2040 | D:4      | Reached skill level 1 in Earth Magic
  2040 | D:4      | Reached skill level 1 in Poison Magic
  2233 | D:4      | Reached XP level 5. HP: 36/43 MP: 12/12
  2489 | D:4      | Found an iron altar of Okawaru.
  2528 | D:4      | Became a worshipper of Warmaster Okawaru
  2661 | D:4      | Reached XP level 6. HP: 46/50 MP: 13/13
  2858 | D:4      | Found a basalt altar of Yredelemnul.
  3124 | D:5      | Entered Level 5 of the Dungeon
  3144 | D:5      | Noticed a water moccasin
  3168 | D:4      | Reached skill level 5 in Fighting
  3168 | D:4      | Reached skill level 5 in Short Blades
  3168 | D:4      | Reached skill level 5 in Dodging
  3215 | D:5      | Found a hide-covered altar of Uskayaw.
  3219 | D:5      | Got a faintly glowing rapier
  3220 | D:5      | Identified the cursed +1 rapier of Shrieking Terror
                  | {freeze, *Noise +Rage Str-3 Int+8} (You found it on level 5
                  | of the Dungeon)
  3222 | D:5      | You fall into a shaft and drop 1 floor!
  3226 | D:6      | Found a shattered altar of Ashenzari.
  3315 | D:5      | Reached XP level 7. HP: 29/56 MP: 15/15
  3338 | D:5      | Reached * piety under Okawaru
  3522 | D:5      | Found a shattered altar of Ashenzari.
  3571 | D:5      | Found Lotuh's Jewellery Shoppe.
  3726 | D:6      | Reached XP level 8. HP: 63/63 MP: 10/16
  3748 | D:6      | Reached ** piety under Okawaru
  3748 | D:6      | Reached skill level 6 in Charms
  3802 | D:6      | Killed from afar by an electric eel

Levels and vault maps discovered:
D:1:      evilmike_arrival_rings, layout_rooms
D:2:      layout_rooms
D:3:      layout_loops_corners, grunt_temple_overflow_growth_and_decay
D:4:      layout_layer_cave, nicolae_overflow_crystal_walls, marbit_many_paths,
          gammafunk_ghost_icy, first_ration, minmay_misc_feat_secret_circle
D:5:      layout_rooms, eat_drink_and_be_merry_uskayaw, serial_shops,
          nicolae_shop_statue_plus, serial_undead, serial_undead_b,
          serial_undead_c, serial_undead_e, serial_undead_a, lemuel_statue_altar
D:6:      cheibrodos_steamvent, layout_basic, kennysheep_little_box,
          evilmike_ruin_ashenzari, minmay_temple_entry_oklob, serial_bayou,
          serial_bayou_crossing, serial_bayou_pond_e, serial_bayou_ford_a,
          serial_bayou_pond_c, serial_bayou_pond_c, serial_bayou_shore_b,
          kennysheep_potato

Skill      XL: |  1  2  3  4  5  6  7  8 |
---------------+-------------------------+-----
Spellcasting   | 5 |  5.8
Invocations    | 1 2 3 |  3.2
Long Blades    | 1 2 3 |  3.0
Axes           | 1 2 3 |  3.0
Maces & Flails | 1 2 3 |  3.0
Polearms       | 1 2 3 |  3.0
Staves         | 1 2 3 |  3.0
Slings         | 1 2 3 |  3.0
Bows           | 1 2 3 |  3.0
Crossbows      | 1 2 3 |  3.0
Throwing       | 1 2 3 |  3.0
Stealth        | 1 2 3 |  3.0
Shields        | 1 2 3 |  3.0
Unarmed Combat | 1 2 3 |  3.0
Evocations     | 1 2 3 |  3.0
Conjurations   | 1 2 |  2.4
Hexes          | 1 2 |  2.4
Summonings     | 1 2 |  2.4
Necromancy     | 1 2 |  2.4
Translocations | 1 2 |  2.4
Transmutations | 1 2 |  2.4
Fire Magic     | 1 2 |  2.4
Ice Magic      | 1 2 |  2.4
Air Magic      | 1 2 |  2.4
Earth Magic    | 1 2 |  2.4
Poison Magic   | 1 2 |  2.4
Armour         | 3 4 |  4.0
Fighting       | 5 |  5.5
Short Blades   | 5 |  5.5
Dodging        | 5 |  5.5
Charms         | 6 |  6.0

Action                   |  1- 3 |  4- 6 |  7- 9 || total
-------------------------+-------+-------+-------++-------
Melee: Short sword       |    45 |       |       ||    45
       Dagger            |    60 |   114 |    14 ||   188
       Bite              |     6 |    14 |     3 ||    23
       War axe           |       |    17 |    42 ||    59
       Punch             |       |     1 |       ||     1
Throw: Stone             |       |     6 |     7 ||    13
 Cast: Shroud of Golubri |     1 |     4 |     3 ||     8
       Infusion          |     1 |       |       ||     1
       Song of Slaying   |       |     1 |       ||     1
       Regeneration      |       |     1 |     2 ||     3
       Spectral Weapon   |       |       |     5 ||     5
  Use: Scroll            |       |     8 |       ||     8
       Potion            |       |       |     1 ||     1
 Stab: Sleeping          |     1 |       |       ||     1
  Eat: Chunk             |     2 |     6 |     2 ||    10
Armor: Leather armour    |    26 |       |       ||    26
       Ring mail         |       |    54 |    31 ||    85
Dodge: Dodged            |    65 |   103 |    44 ||   212
